 Dungeon Crawl Stone Soup version 0.28-a0-724-g66f9036eb4 (webtiles) character file.

Game seed: 1993822665763424800

5194 MirrMurr the Covert (level 10, -9/49 HPs)
             Began as a Spriggan Enchanter on Oct 27, 2021.
             Was a Follower of Dithmenos.
             Mangled by a shock serpent (shapeshifter) (10 damage)
             ... on level 7 of the Dungeon.
             The game lasted 00:22:28 (12789 turns).

MirrMurr the Covert (Spriggan Enchanter)           Turns: 12789, Time: 00:22:29

Health: -9/49      AC: 15    Str:  7    XL:     10   Next: 34%
Magic:  12/17      EV: 21    Int: 17    God:    Dithmenos [*.....]
Gold:   427        SH:  5    Dex: 16    Spells: 2/17 levels left

rFire   . . .      SeeInvis +   a - +2 dagger (protect)
rCold   . . .      Faith    .   y - +0 buckler
rNeg    . . .      Spirit   .   v - +0 acid dragon scales
rPois   .          Reflect  .   k - +2 hat
rElec   .          Harm     .   (no cloak)
rCorr   +          Rampage  .   (gloves unavailable)
Will    +....                   (boots unavailable)
Stlth   +++++.....              i - amulet of the acrobat
HPRegen 0.16/turn               r - ring of wizardry
MPRegen 0.15/turn               (no ring)

@: under a protective aura, wreathed by umbra, very quick
A: very small, no large weapons, unfitting armour, see invisible, speed 3
a: Renounce Religion


You were on level 7 of the Dungeon.
You worshipped Dithmenos.
Dithmenos was aware of your devotion.
You visited 2 branches of the dungeon, and saw 9 of its levels.

You collected 427 gold pieces.

Inventory:

Hand Weapons
 a - a +2 dagger of protection (weapon)
 w - a +2 scimitar of pain
Missiles
 d - 31 poisoned darts
 h - 4 throwing nets
 m - 153 stones (quivered)
 o - 5 boomerangs
Armour
 k - a +2 hat (worn)
 v - +0 acid dragon scales (worn)
 y - a +0 buckler (worn)
Jewellery
 b - a ring of protection from fire
 i - an amulet of the acrobat (around neck)
 r - a ring of wizardry (left hand)
 x - an amulet of reflection
Wands
 q - a wand of mindburst (24)
Scrolls
 n - a scroll of silence
 s - a scroll of fear {unknown}
 t - 2 scrolls of immolation {unknown}
 u - a scroll of fog {unknown}
Potions
 c - 2 potions of invisibility
 e - a potion of ambrosia
 f - 2 potions of brilliance
 g - a potion of berserk rage
 j - 2 potions of magic
 l - a potion of heal wounds
 p - 3 potions of curing


   Skills:
 - Level 4.0 Fighting
 - Level 8.0 Short Blades
 + Level 10.9 Dodging
 + Level 11.9 Stealth
 * Level 0.6 Shields
 - Level 4.0 Spellcasting
 - Level 8.0 Hexes


You had 2 spell levels left.
You knew the following spells:

 Your Spells              Type           Power      Damage    Failure   Level
a - Ensorcelled Hibernat  Hex/Ice        34%        N/A       6%          2
b - Confusing Touch       Hex            30%        N/A       2%          3
c - Tukima's Dance        Hex            30%        N/A       2%          3
d - Dazzling Flash        Conj/Hex       34%        N/A       11%         3
G - Passage of Golubria   Tloc           3%         N/A       86%         4

Your spell library contained the following spells:

 Spells                   Type           Power      Damage    Failure   Level
 Ignite Poison            Fire/Tmut/Pois 3%         N/A       45%         3
 Mephitic Cloud           Conj/Pois/Air  3%         N/A       45%         3
 Yara's Violent Unravell  Hex/Tmut       8%         3d5       65%         5
 Freezing Cloud           Conj/Ice/Air   1%         6-21      99%         5


Dungeon Overview and Level Annotations

Branches:
Dungeon (8/15)             Temple (1/1) D:6            Lair (0/6) D:8

Altars:
Dithmenos
Elyvilon
Fedhas
Gozag
Hepliaklqana
Kikubaaqudgha
Makhleb
Nemelex Xobeh
Okawaru
Qazlal
Ru
Sif Muna
Trog
Uskayaw
Vehumet
Wu Jian
Xom
Yredelemnul
The Shining One

Shops:
D:1 (   D:2 [   D:5 (

Annotations:
D:4 2 transporters rF++


Innate Abilities, Weirdness & Mutations

You are very small and have problems with some larger weapons.
You are too small for most types of armour.
You have supernaturally acute eyesight. (SInv)
You cover ground extremely quickly. (Speed+++)


Message History

Your hands begin to glow red.
The vampire mosquito buzzes angrily.
A shock serpent comes into view.
The vampire mosquito completely misses you.
The shock serpent hisses angrily.
You hit the vampire mosquito but do no damage.
The vampire mosquito misses you.
You hit the vampire mosquito but do no damage.
The vampire mosquito appears confused.
The vampire mosquito bites you but does no damage.
The vampire mosquito misses you.
You barely miss the vampire mosquito.
You hit the vampire mosquito but do no damage.
Your weapon exudes an aura of protection.
The vampire mosquito bites you but does no damage.
You hit the vampire mosquito.
The vampire mosquito is lightly damaged.
You hit the vampire mosquito.
The vampire mosquito is lightly damaged.
The vampire mosquito closely misses you.
You hit the vampire mosquito but do no damage.
The vampire mosquito is lightly damaged.
The shock serpent bites you. The shock serpent shocks you!
Unknown command.
There is an open door here.
The shock serpent shoots out a bolt of lightning at you!
The bolt of electricity misses you.
A shock serpent is nearby!
Unknown command.
Casting: Confusing Touch (dangerous; 2% risk of failure)
Confirm with . or Enter, or press ? or * to list all spells.
Your hands begin to glow red.
You hit the shock serpent but do no damage.
The shock serpent bites you! The shock serpent shocks you!
* * * LOW HITPOINT WARNING * * *
You hit the shock serpent but do no damage.
The shock serpent appears confused.
The shock serpent bites you.
* * * LOW HITPOINT WARNING * * *
The shock serpent shocks you!
You die...

#.#####...............)))....
#...# ##..............)......
###.###..#.).................
##.....###.........#........
#...†#######################
#.#.#####.........†........8
###.#..##.#.....(...#.........
##...##....#.........#.........
#..###...#.#.S@......#8.....[..
#......#...#'##############'###
#.##.....<.#..y$..... #....
#..####....#......... #..÷.
##...##....#......... #....
###...[...#......... #....
###.....#......... #####
##....#.........
####..#.#.........


You could see a shock serpent (confused).

Vanquished Creatures
  A two-headed ogre (D:8)
  An ugly thing (D:7)
  Joseph (D:7)
  Maggie (D:7)
  5 yaks
  A steam dragon (D:6)
  A dancing weapon (D:7)
  A water moccasin (D:7)
  An orc warrior (D:7)
  An ice beast (D:4)
  2 black bears
  An ogre (D:5)
  3 necrophages
  3 centaurs
  3 phantoms
  A gnoll sergeant (D:6)
  2 wyvern skeletons (D:7)
  2 water moccasin skeletons (D:6)
  7 wights
  2 hounds
  3 bullfrog skeletons
  2 centaur zombies
  3 jellies
  A centaur skeleton (D:6)
  A gnoll shaman (D:8)
  2 orc priests
  Jessica (D:2)
  Terence (D:2)
  2 iguanas (D:7)
  5 orc wizards
  A hound zombie (D:5)
  7 gnolls
  7 adders
  A white imp (D:5)
  2 worms
  28 orcs
  2 ball pythons
  3 endoplasms
  4 giant cockroaches
  5 goblins
  6 hobgoblins
  6 jackals
  8 kobolds
  5 quokkas
  3 bats
  3 frilled lizards
  4 rats
  A spectral orc (D:5)
157 creatures vanquished.

Vanquished Creatures (collateral kills)
  A wight (D:6)
  A gnoll (D:8)
2 creatures vanquished.

Vanquished Creatures (others)
  A dancing weapon (D:8)
  A plant (Temple)
2 creatures vanquished.

Grand Total: 161 creatures vanquished

Notes
Turn   | Place    | Note
-------+----------+-------------------------------------------
     0 | D:1      | MirrMurr the Spriggan Enchanter began the quest for the
                  | Orb.
     0 | D:1      | Reached XP level 1. HP: 9/9 MP: 5/5
   410 | D:1      | Found a faded altar of an unknown god.
   447 | D:1      | Found Hyunte's Weapon Boutique.
   673 | D:1      | Reached skill level 5 in Stealth
   673 | D:1      | Reached XP level 2. HP: 6/13 MP: 6/6
  1043 | D:1      | Learned a level 2 spell: Ensorcelled Hibernation
  1356 | D:2      | Noticed Jessica
  1363 | D:2      | Killed Jessica
  1364 | D:2      | Reached XP level 3. HP: 16/16 MP: 8/8
  1564 | D:2      | Found Ciafeh's Antique Armour Emporium.
  1874 | D:2      | Reached skill level 6 in Stealth
  2155 | D:2      | Reached XP level 4. HP: 21/21 MP: 2/9
  2455 | D:2      | Noticed Terence
  2528 | D:2      | Killed Terence
  3212 | D:3      | Noticed a black bear
  3217 | D:3      | Killed a black bear
  3218 | D:3      | Reached skill level 7 in Stealth
  3218 | D:3      | Reached XP level 5. HP: 24/24 MP: 10/10
  3222 | D:3      | Learned a level 3 spell: Confusing Touch
  3226 | D:3      | Learned a level 3 spell: Tukima's Dance
  4605 | D:4      | Noticed an ice beast
  4842 | D:4      | Reached skill level 8 in Stealth
  4842 | D:4      | Reached XP level 6. HP: 28/28 MP: 4/11
  4924 | D:4      | Killed an ice beast
  4925 | D:4      | Reached skill level 5 in Short Blades
  4989 | D:4      | Found a bloodstained altar of Trog.
  5646 | D:4      | Found a transporter.
  5897 | D:4      | Learned a level 3 spell: Dazzling Flash
  6214 | D:4      | Found a transporter.
  6224 | D:4      | Noticed a fire bat
  6423 | D:5      | Entered Level 5 of the Dungeon
  6461 | D:5      | Reached skill level 5 in Hexes
  6689 | D:5      | Found Oroiphier's Weapon Boutique.
  6722 | D:5      | Reached XP level 7. HP: 32/32 MP: 8/14
  7423 | D:5      | Found a glowing golden altar of the Shining One.
  7527 | D:5      | Found a basalt altar of Yredelemnul.
  7820 | D:6      | Found a stormy altar of Qazlal.
  7822 | D:6      | Found a hazy altar of Hepliaklqana.
  8002 | D:6      | Noticed a steam dragon
  8016 | D:6      | Killed a steam dragon
  8017 | D:6      | Reached skill level 1 in Fighting
  8017 | D:6      | Reached XP level 8. HP: 34/37 MP: 8/15
  8667 | D:6      | Reached skill level 5 in Dodging
  9872 | D:6      | Reached XP level 9. HP: 45/45 MP: 13/16
 10093 | D:6      | Found a staircase to the Ecumenical Temple.
 10099 | Temple   | Entered the Ecumenical Temple
 10154 | Temple   | Became a worshipper of Dithmenos the Shadowed
 11027 | D:7      | Reached skill level 9 in Stealth
 11056 | D:7      | Noticed Joseph
 11338 | D:7      | Killed Joseph
 11553 | D:8      | Found a sacrificial altar of Ru.
 11574 | D:8      | Noticed a two-headed ogre
 11581 | D:8      | Killed a two-headed ogre
 11582 | D:8      | Reached skill level 10 in Stealth
 11587 | D:8      | Learned a level 4 spell: Passage of Golubria
 11621 | D:8      | Found a staircase to the Lair.
 11636 | D:8      | Found a hide-covered altar of Uskayaw.
 11707 | D:8      | Reached skill level 10 in Dodging
 12052 | D:8      | Reached * piety under Dithmenos
 12228 | D:8      | Found a sparkling altar of Nemelex Xobeh.
 12273 | D:8      | Reached skill level 11 in Stealth
 12273 | D:8      | Reached XP level 10. HP: 49/49 MP: 17/17
 12309 | D:8      | Found a shimmering blue altar of Sif Muna.
 12424 | D:7      | Noticed Maggie
 12429 | D:7      | Killed Maggie
 12480 | D:7      | Noticed a brown ugly thing
 12496 | D:7      | Killed a brown ugly thing
 12776 | D:7      | Noticed a shock serpent
 12789 | D:7      | HP: 1/49 [shock serpent (shapeshifter) (5)]
 12789 | D:7      | Mangled by a shock serpent (shapeshifter)

Illustrated notes

Levels and vault maps discovered:
D:1:      mrwooster_arrival_statue, layout_loops_ring, serial_shops, shop,
          dilly_ecumenical_altar_fadedgnrine
D:2:      minmay_wonky_spiral, layout_rooms, serial_shops,
          nicolae_shop_window_shopping, uniq_jessica, uniq_terence
D:3:      layout_basic
D:4:      gammafunk_cloud_chamber, layout_basic, trog_butcher_becter
D:5:      layout_rooms, yredelemnul_forgotten_temple_becter,
          mainiacjoe_overflow_alcove_2, serial_shops, shop
D:6:      layout_basic, jmf_multi_god_temple,
          minmay_temple_entry_drinking_statues
D:7:      minmay_klotski, layout_rooms, abandoned_shop, uniq_maggie,
          uniq_joseph, uniq_harold
D:8:      layout_loops_ring, mainiacjoe_overflow_chevrons,
          mainiacjoe_overflow_surrounded_room, nicolae_uskayaw_dance_hall,
          lemuel_doored_altar, nicolae_ru_sacrificial_ziggurat,
          mainiacjoe_overflow_paths, lair_entry_dummy, serial_co_window_serial,
          co_window_cross_1, co_window_corner_a, co_window_paths_a,
          co_window_cross_1, co_window_paths_b, co_window_broadway_c,
          co_window_corner_cb, co_window_corner_ca, co_window_corner_b,
          co_window_corner_ca, co_window_paths_e, co_window_paths_d,
          glass_columns_b, glass_columns_a
Temple:   cyrus_temple_forest

Skill      XL: |  1  2  3  4  5  6  7  8  9 10 |
---------------+-------------------------------+-----
Stealth        | 5 6 7 8 11 | 11.9
Short Blades   | 2 3 4 5 7 8 |  8.0
Spellcasting   | 4 |  4.0
Hexes          | 5 8 |  8.0
Fighting       | 1 4 |  4.0
Dodging        | 3 8 10 | 10.9
Shields        | |  0.6

Action                   |  1- 3 |  4- 6 |  7- 9 | 10-12 || total
-------------------------+-------+-------+-------+-------++-------
Melee: Dagger            |    68 |   140 |   243 |    35 ||   486
Throw: Stone             |       |       |       |     1 ||     1
 Cast: Ensorcelled Hiber |    20 |    61 |    61 |     5 ||   147
       Confusing Touch   |       |     3 |    19 |     4 ||    26
       Tukima's Dance    |       |     2 |     7 |     2 ||    11
  Use: Scroll            |       |     7 |     6 |       ||    13
 Stab: Sleeping          |    13 |    43 |    41 |     9 ||   106
       Distracted        |       |     1 |       |       ||     1
       Confused          |       |     5 |    23 |     2 ||    30
Armor: Robe              |     3 |     8 |    17 |       ||    28
       Acid dragon scale |       |       |       |     4 ||     4
Dodge: Dodged            |    52 |    81 |   203 |    14 ||   350

Table legend: (Time is in decaauts)
 A = Elapsed time spent in this place.
 B = Non-inter-level travel time spent in this place.
 C = Inter-level travel time spent in this place.
 D = Time resting spent in this place.
 E = Time spent auto-exploring this place.
 F = Levels seen in this place.
 G = Mean time per level.
                   A        B        C        D        E       F      G
               +--------+--------+--------+--------+--------+-----+--------+
         Total |  10372 |  10022 |    350 |    114 |   8177 |   9 | 1152.4 |
       Dungeon |  10320 |   9987 |    333 |    114 |   8153 |   8 | 1290.0 |
        Temple |     52 |     35 |     17 |      0 |     23 |   1 |   52.0 |
               +--------+--------+--------+--------+--------+-----+--------+

Top non-repeatable levels by time:
     D:4: 1729 daAuts
     D:5: 1586 daAuts
     D:1: 1564 daAuts
     D:3: 1516 daAuts
     D:6: 1459 daAuts
     D:2: 1027 daAuts
     D:8: 741 daAuts
     D:7: 694 daAuts
  Temple: 52 daAuts
